 Dungeon Crawl Stone Soup version 0.26.0-20-g3ca415f5b8 (webtiles) character file.

Game seed: 10469644380685594679

680997 feorh the Axe Maniac (level 27, 0/273 HPs)
             Began as a Hill Orc Berserker on Jan 20, 2021.
             Was the Champion of Trog.
             Killed from afar by a black draconian monk (48 damage)
             ... with a bolt of lightning
             ... on level 4 of the Realm of Zot on Jan 25, 2021.
             The game lasted 07:54:22 (65100 turns).

feorh the Axe Maniac (Hill Orc Berserker)          Turns: 65100, Time: 07:54:23

Health: 0/273      AC: 31    Str: 53    XL:     27
Magic:  18/18      EV: 14    Int:  6    God:    Trog [******]
Gold:   4740       SH: 16    Dex:  8    Spells: 26/26 levels left

rFire    + + .     SeeInvis +   S - +8 war axe "Honoevem" {speed, +Blink rN+}
rCold    + . .     Faith    .   z - +3 buckler "Qifeu" {Rampage rN+ Str+7}
rNeg     + + .     Spirit   .   R - +5 crystal plate armour "Coowup" {rPois Regen+ Int+3}
rPois    +         Reflect  +   (no helmet)
rElec    .         Harm     .   Y - scarf {+Inv}
rCorr    +         Rampage  +   o - -2 pair of gloves of Sloth {*Corrode Will+ Str+8}
Will     +++++                  X - +0 pair of boots of a sewer {+Blink rCorr Str-2}
Stlth    ..........             D - amulet "Doum" {Reflect SH+5 Stlth+}
HPRegen  1.00/turn              r - ring "Galun" {rC+ Will++ Int-4 SInv}
MPRegen  0.16/turn              h - ring "Emif" {rPois rF++ Str+7 Stlth-}

@: regenerating
A: blurry vision 1, clumsy 1, deformed body, low mp 2, inhibited regeneration
}: 4/15 runes: decaying, serpentine, slimy, silver
a: Renounce Religion, Evoke Blink, Evoke Invisibility, Berserk, Trog's Hand,
Brothers in Arms


You were on level 4 of the Realm of Zot.
You worshipped Trog.
Trog was exalted by your worship.
You visited 10 branches of the dungeon, and saw 53 of its levels.
You visited 1 bazaar.
You also visited: Trove, Ice Cave and Desolation.

You collected 8284 gold pieces.
You spent 3544 gold pieces at shops.

Inventory:

Hand Weapons
 A - a +9 antimagic broad axe
 S - the +8 war axe "Honoevem" (weapon) {speed, +Blink rN+}
   (You found it in the Desolation of Salt)

   Attacks with this weapon are significantly faster.
   It protects you from negative energy.
   It lets you blink.
Missiles
 C - 18 curare-tipped darts
 U - 4 throwing nets
Armour
 o - the -2 pair of gloves of Sloth (worn) {*Corrode Will+ Str+8}
   (You found it on level 3 of the Lair of Beasts)

   It affects your strength (+8).
   It affects your willpower, your defense against some magical effects.
   It may corrode you when you take damage.
 z - the +3 buckler "Qifeu" (worn) {Rampage rN+ Str+7}
   (You found it on level 4 of the Swamp)

   It affects your strength (+7).
   It protects you from negative energy.
   It bestows one free step when moving towards enemies.
 R - the +5 crystal plate armour "Coowup" (worn) {rPois Regen+ Int+3}
   (You found it on level 5 of the Lair of Beasts)

   It affects your intelligence (+3).
   It protects you from poison.
   It increases your rate of regeneration.
 X - the +0 pair of boots of a sewer (worn) {+Blink rCorr Str-2}
   (You found it on level 3 of the Depths)

   It affects your strength (-2).
   It lets you blink.
   It provides partial protection from all sources of acid and corrosion.
 Y - a scarf of invisibility (worn)
Jewellery
 c - the ring of Pogeimn {rF+ rN+ rCorr Int+4}
   (You bought it in a shop on level 1 of the Elven Halls)

   [ring of resist corrosion]

   It affects your intelligence (+4).
   It protects you from fire.
   It protects you from negative energy.
   It provides partial protection from all sources of acid and corrosion.
 h - the ring "Emif" (right hand) {rPois rF++ Str+7 Stlth-}
   (You took it off a servant of whispers in the Desolation of Salt)

   [ring of attention]

   It affects your strength (+7).
   It greatly protects you from fire.
   It protects you from poison.
   It makes you less stealthy.
 p - the ring "Docahino" {Wiz rC+++ Int+4 Stlth-}
   (You found it on level 5 of the Pits of Slime)

   [ring of wizardry]

   It improves your spell success rate.
   It affects your intelligence (+4).
   It renders you almost immune to cold.
   It makes you less stealthy.
 r - the ring "Galun" (left hand) {rC+ Will++ Int-4 SInv}
   (You found it on level 12 of the Dungeon)

   [ring of see invisible]

   It affects your intelligence (-4).
   It protects you from cold.
   It affects your willpower, your defense against some magical effects.
   It lets you see invisible.
 y - the ring "Roiss" {rF+ rN+}
   (You found it in the Desolation of Salt)

   [ring of positive energy]

   It protects you from fire.
   It protects you from negative energy.
 B - the ring "Ciuf Uzola" {+Fly rElec}
   (You bought it in a shop on level 2 of the Depths)

   [ring of flight]

   It insulates you from electricity.
   It lets you fly.
 D - the amulet "Doum" (around neck) {Reflect SH+5 Stlth+}
   (You bought it in a shop on level 2 of the Depths)

   [amulet of reflection]

   It shields you and reflects attacks.
   It affects your SH (+5).
   It makes you more stealthy.
 O - the ring of Poet {*Corrode +Fly rF- Str+9 Slay+2}
   (You took it off a vault sentinel on level 5 of the Vaults)

   [ring of flight]

   It affects your strength (+9).
   It affects your accuracy and damage with ranged weapons and melee attacks
   (+2).
   It makes you vulnerable to fire.
   It lets you fly.
   It may corrode you when you take damage.
 V - the amulet "Pouj Ese" {RegenMP rPois Will++ Int-2 Slay+5}
   (You found it on level 3 of the Depths)

   [amulet of magic regeneration]

   It increases your magic regeneration.
   It affects your intelligence (-2).
   It affects your accuracy and damage with ranged weapons and melee attacks
   (+5).
   It protects you from poison.
   It affects your willpower, your defense against some magical effects.
Wands
 a - a wand of acid (7)
 f - a wand of polymorph (20)
 t - a wand of digging (11)
 u - a wand of iceblast (45)
 N - a wand of enslavement (2)
 W - a wand of paralysis (17)
 Z - a wand of disintegration (22) (quivered)
Scrolls
 e - 6 scrolls of acquirement
 g - 2 scrolls of enchant weapon
 j - a scroll of magic mapping
 m - 15 scrolls of identify
 n - 24 scrolls of remove curse
 s - 7 scrolls of enchant armour
 v - a scroll of fog
 x - 8 scrolls of fear
 F - 9 scrolls of blinking
 I - a scroll of summoning
 J - 30 scrolls of teleportation
 M - a scroll of brand weapon
 P - a scroll of silence
 T - 4 scrolls of holy word
Potions
 i - 5 potions of haste
 k - 7 potions of flight
 l - 3 potions of magic
 q - 17 potions of curing
 H - 9 potions of might
 K - 8 potions of heal wounds
 L - 8 potions of cancellation
Miscellaneous
 G - a phantom mirror
 Q - a phantom mirror


   Skills:
 O Level 27 Fighting
 O Level 27 Axes
 + Level 16.4 Throwing
 + Level 26.3 Armour
 * Level 12.2 Dodging
 + Level 17.3 Shields
 + Level 14.2 Evocations


You had 26 spell levels left.
You didn't know any spells.
Your spell library was empty.

Dungeon Overview and Level Annotations

Branches:
Dungeon (15/15)            Temple (0/1) D:7            Lair (6/6) D:8
  Swamp (4/4) Lair:2        Snake (4/4) Lair:4        Slime (5/5) Lair:6
    Orc (2/2) D:10            Elf (3/3) Orc:2        Vaults (5/5) D:14
  Crypt (0/3) Vaults:3     Depths (5/5) D:15            Zot (4/5) Depths:5
  IceCv (visited)         Desolation (visited)

Altars:
Dithmenos
Elyvilon
Fedhas
Kikubaaqudgha
Nemelex Xobeh
Qazlal
Ru
Sif Muna
Trog
Uskayaw
Vehumet
Wu Jian
Xom
Zin
The Shining One
Jiyva

Shops:
D:8 [   D:9 [   Orc:2 [*}*   Elf:1 }==   Elf:3 !   Snake:2 ?(?   Vaults:2 =
Vaults:4 [   Depths:1 *   Depths:2 =

Portals:
Hell: Depths:1 Depths:2 Depths:3 Depths:4 Depths:5
Abyss: Depths:1 Depths:3 Depths:4 Depths:5
Pandemonium: Orc:2 Depths:2 Depths:3
Ziggurat: Depths:4

Annotations:
Elf:2 1 runed translucent door
Depths:2 2 transporters


Innate Abilities, Weirdness & Mutations

Scrolls take you a little longer to read.
You are clumsy. (Dex -2)
Armour fits poorly on your strangely shaped body.
Your magical capacity is very low. (-20% MP)
You do not regenerate when monsters are visible.


Message History

Your cyclops goes berserk!
The black draconian monk closely misses you.
The black draconian monk misses you.
The black draconian monk tail-slaps you but does no damage.
You block the black draconian monk's attack.
The black draconian monk kicks you.
* * * LOW HITPOINT WARNING * * *
The black draconian monk tail-slaps you.
* * * LOW HITPOINT WARNING * * *
Your cyclops rages.
Your cyclops hits the black draconian monk!!
The black draconian monk hits you but does no damage.
The black draconian monk barely misses you.
The black draconian monk tail-slaps you but does no damage.
Your cyclops closely misses the black draconian monk.
The black draconian monk is no longer berserk.
Your cyclops completely misses the black draconian monk.
The black draconian monk breathes lightning at you.
The bolt of lightning hits you!!!
You die...

#..# #..# #..#
#..# #..#####.#.
#..........
#.######.## #.#
##+###### #@#
#........
####q#####........
#....CCD##.)......
#.......qd........
#######.##.)......
#.##........
#.##........
#+##........
........[


You could see a black draconian monk (slow, catching breath) and a friendly
cyclops (summoned, berserk).

Vanquished Creatures
  the Royal Jelly (Slime:5)
  Dissolution (Slime:4)
  4 ancient liches
  A juggernaut (Depths:3)
  The ghost of Jannitor the Bringer of Light, a legendary NaDe of the Shining One (Depths:3)
  The ghost of dolemite99 the Warrior, a veteran DrFE of Okawaru (Vaults:4)
  A Killer Klown (Zot:3)
  The ghost of WeeknightWizard the Sorcerer, a veteran DEFE of Vehumet (Depths:3)
  Sojobo (Vaults:3)
  4 caustic shrikes (Depths:4)
  Vashnia (Snake:3)
  6 golden dragons
  Nikola (Swamp:3)
  3 liches
  11 tentacled monstrosities
  Rupert (Lair:4)
  2 deep elf master archers
  Jorgrun (Snake:3)
  A titan (Vaults:4)
  3 quicksilver dragons
  A deep elf blademaster (Elf:2)
  15 sphinxes
  The ghost of martbhell the Slayer, an adept MiBe of Trog (Lair:4)
  Gastronok (D:8)
  The ghost of Buem the Warrior, an adept OgAM of Yredelemnul (Swamp:3)
  15 acid blobs
  The ghost of mitiashka the Hoplite, an adept MiFi of Makhleb (Elf:1)
  An ancient champion (Vaults:3)
  12 shadow dragons
  9 tengu reavers
  3 death cobs
  A thorn hunter (Swamp:4)
  16 storm dragons
  12 azure jellies
  4 draconian monks
  7 nagarajas
  Roxanne (Swamp:2)
  Donald (Swamp:3)
  10 fire giants
  A fenstrider witch (Swamp:2)
  6 draconian knights
  12 frost giants
  4 draconian scorchers
  2 iron dragons
  Aizul (Swamp:3)
  3 orc warlords
  23 vault wardens
  10 deep elf sorcerers
  2 ghost moths (Zot:3)
  3 imperial myrmidons (Desolation)
  A balrug (Depths:5)
  A juggernaut zombie (Depths:4)
  15 ironheart preservers
  5 draconian shifters
  12 deep elf elementalists
  An angel (Depths:4)
  A draconian stormcaller (Zot:3)
  A caustic shrike zombie (Depths:4)
  23 very ugly things
  The ghost of Valentain the Thaumaturge, a journeyman OpVM of Vehumet (Orc:2)
  A ghoul (Vaults:3)
  5 draconian annihilators
  4 spriggan defenders (Depths:4)
  5 vampire knights
  5 deep elf demonologists
  34 stone giants
  Nessos (Lair:5)
  4 black draconians
  7 yellow draconians
  9 green draconians
  8 deep elf annihilators
  2 entropy weavers
  5 purple draconians
  3 halazid warlocks (Desolation)
  5 bunyips
  9 spark wasps
  8 red draconians
  An eidolon (Vaults:3)
  15 ettins
  A bunyip (shapeshifter) (Depths:3)
  10 white draconians
  Snorg (D:14)
  3 eleionomae
  6 deep elf death magi
  10 fire dragons
  2 merfolk impalers (Depths:1)
  A crystal guardian (Desolation)
  A shambling mangrove (Swamp:1)
  46 vault guards
  The ghost of Uwkeq the Cleaver, a journeyman MiFi (D:12)
  10 death oozes (Slime:5)
  10 ragged hierophants (Desolation)
  10 great orbs of eyes
  7 servants of whispers (Desolation)
  2 boulder beetles (shapeshifter)
  9 deep elf high priests
  9 rakshasas
  29 yaktaur captains
  3 boulder beetles
  5 spriggan air magi
  10 naga warriors
  2 catoblepae
  13 hydras
  7 peacekeepers (Desolation)
  A ghost crab (Swamp:4)
  A death knight (Vaults:3)
  12 centaur warriors
  16 ice dragons
  18 ogre magi
  10 anacondas
  A queen ant (shapeshifter) (Vaults:4)
  53 two-headed ogres
  11 alligators
  24 dancing weapons
  11 orc high priests
  8 spriggan berserkers
  2 vampire magi (Depths:1)
  4 tengu warriors
  5 deep troll shamans
  10 deep troll earth magi
  A soul eater (Depths:2)
  20 naga sharpshooters
  17 deep elf knights
  Urug (Lair:4)
  Sonja (Orc:2)
  A sun demon (Orc:2)
  A sea snake (shapeshifter) (Depths:4)
  4 shock serpents
  8 skeletal warriors
  A sixfirhy (Orc:2)
  5 flayed ghosts
  14 hell knights
  4 shadow wraiths
  A spectral bunyip (Swamp:3)
  33 deep trolls
  An iron troll (Depths:4)
  2 salamander mystics
  A death drake (shapeshifter) (Vaults:3)
  The ghost of Tagedieb the Covert, a novice OpEn of Wu Jian (D:9)
  6 spriggan druids
  7 naga ritualists
  6 goliath frogs
  3 unseen horrors
  7 bog bodies
  31 deep elf archers
  3 gelid demonspawn (Orc:2)
  4 glowing orange brains
  A deep troll (shapeshifter) (Vaults:4)
  An unseen horror (shapeshifter) (Vaults:4)
  5 wizards
  A shadow demon (Depths:1)
  4 swamp dragons
  2 spectral goliath frogs (Swamp:3)
  Pikel (D:6)
  76 deep elf magi
  An orange crystal statue (D:8)
  A spectral hydra (Swamp:3)
  A lindwurm (shapeshifter) (Vaults:5)
  21 ironbrand convokers
  21 orc knights
  An orb spider (shapeshifter) (Vaults:3)
  9 wolf spiders
  5 phantasmal warriors
  7 necromancers
  A human zombie (Vaults:5)
  A salamander (shapeshifter) (Vaults:3)
  4 oklob plants (Lair:5)
  40 ugly things
  7 orc sorcerers
  A spectral alligator (Swamp:3)
  4 mana vipers
  3 will-o-the-wisps
  A manticore (D:14)
  A spectral centaur (D:9)
  2 manticores (shapeshifter)
  8 shining eyes
  4 cyclopes
  5 elephants
  6 ice statues
  Maurice (D:12)
  21 moths of wrath
  34 black mambas
  7 guardian serpents
  14 naga magi
  2 rust devils
  14 salamanders
  A smoke demon (Orc:2)
  Joseph (D:8)
  6 gargoyles
  2 orange demons
  4 centaur zombies
  2 torpor snails (Lair:6)
  14 cane toads
  15 vault sentinels
  A cane toad (shapeshifter) (Depths:5)
  A spectral spriggan (Swamp:3)
  An elf skeleton (Depths:4)
  3 eyes of devastation
  2 hellions (Zot:1)
  Maggie (D:9)
  3 ice devils
  3 rime drakes
  3 efreet
  55 yaktaurs
  An elf zombie (Depths:4)
  10 komodo dragons
  3 kobold demonologists
  A rime drake (shapeshifter) (Vaults:4)
  11 freezing wraiths
  A human skeleton (Vaults:5)
  A bunyip simulacrum (Swamp:3)
  2 anaconda simulacra (IceCv)
  3 hellwings
  A golden dragon simulacrum (IceCv)
  A red devil (Depths:5)
  8 trolls
  2 tengu conjurers
  A jumping spider (Vaults:3)
  10 tyrant leeches
  24 hornets
  3 meliai (D:15)
  55 saltlings (Desolation)
  A hornet (shapeshifter) (Vaults:4)
  9 polar bears (Lair:6)
  A harpy skeleton (D:15)
  A meliai (shapeshifter) (Vaults:4)
  Prince Ribbit (Lair:3)
  2 dream sheep (Lair:6)
  14 blink frogs
  2 raiju (Lair:6)
  A spectral meliai (D:9)
  103 slime creatures
  A dream sheep (shapeshifter) (Depths:2)
  An ettin skeleton (Vaults:5)
  3 vampires
  A redback (shapeshifter) (Vaults:5)
  4 wyverns
  3 redbacks
  A spriggan (shapeshifter) (Vaults:5)
  Eustachio (D:5)
  20 spriggans
  5 fire elementals
  3 basilisks
  38 yaks
  A ynoxinul (Orc:2)
  15 water elementals
  A tarantella (shapeshifter) (Vaults:4)
  3 wraiths
  A chaos spawn (Depths:2)
  11 golden eyes (Slime:5)
  5 steam dragons
  4 humans
  2 human simulacra (Vaults:5)
  10 wargs
  3 swamp worm simulacra (Swamp:4)
  8 vampire mosquitoes
  2 harpy simulacra (IceCv)
  42 nagas
  17 hydra simulacra
  12 swamp worms
  17 water moccasins
  2 acid dragons
  19 hell hounds
  2 floating eyes (Depths:4)
  9 swamp drakes
  9 ice beasts
  73 orc warriors
  A sky beast (D:9)
  5 eyes of draining
  2 phantoms
  12 black bears
  2 necrophages
  30 wolves
  37 ogres
  7 boggarts
  An ettin simulacrum (IceCv)
  An eye of draining (shapeshifter) (Vaults:4)
  22 centaurs
  2 lemures (D:6)
  7 big kobolds
  27 bullfrogs
  2 earth elementals
  A wyvern zombie (D:9)
  A water moccasin zombie (D:10)
  4 scorpions
  15 killer bees
  25 wights
  6 howler monkeys
  A spectral bullfrog (D:9)
  8 crimson imps
  A lava snake (D:10)
  3 bullfrog zombies
  2 quasits
  9 hounds
  2 jellies
  31 orc priests
  Ijyb (D:4)
  8 centaur skeletons
  An iron imp (Depths:2)
  2 bullfrog skeletons
  11 iguanas
  23 orc wizards
  Natasha (thrice) (D:4)
  13 worker ants
  A hound zombie (D:6)
  3 worker ant zombies
  Robin (D:2)
  A howler monkey skeleton (D:8)
  8 adders
  5 shadow imps
  4 white imps
  3 ufetubi
  An ooze (D:1)
  5 swamp drake simulacra (Swamp:4)
  2 adder skeletons (D:7)
  4 worms
  A dart slug (D:5)
  6 leopard geckos
  103 orcs
  7 giant cockroaches
  15 goblins
  9 hobgoblins
  5 jackals
  26 kobolds
  3 quokkas
  8 bats
  10 frilled lizards
  2 jackal skeletons
  A leopard gecko skeleton (D:5)
  A quokka zombie (D:9)
  10 rats
  6 briar patches (Swamp:4)
  A bush (Lair:6)
  2 crawling corpses
  9 pillars of salt (Vaults:2)
  2 plants
2669 creatures vanquished.

Vanquished Creatures (collateral kills)
  A caustic shrike (Depths:4)
  2 boulder beetles (D:14)
  A skeletal warrior (D:14)
  A swamp dragon (Swamp:4)
  A moth of wrath (Zot:3)
6 creatures vanquished.

Vanquished Creatures (others)
  A vault warden (Vaults:5)
  A deep elf high priest (Vaults:5)
  An ogre mage (Vaults:4)
  A deep elf knight (Elf:1)
  A spectral alligator (Swamp:3)
  A deep elf mage (Elf:1)
  3 yaktaurs
  A bloated husk (Swamp:3)
  An orc (Vaults:5)
  A bush (Lair:6)
  28 foxfires
  29 fungi
  165 plants
234 creatures vanquished.

Grand Total: 2909 creatures vanquished

Notes
Turn   | Place    | Note
-------+----------+-------------------------------------------
     0 | D:1      | feorh the Hill Orc Berserker began the quest for the Orb.
     0 | D:1      | Reached XP level 1. HP: 19/19 MP: 1/1
   126 | D:2      | Found a hide-covered altar of Uskayaw.
   142 | D:2      | Reached XP level 2. HP: 14/27 MP: 2/2
   618 | D:1      | Reached XP level 3. HP: 30/33 MP: 3/3
   622 | D:1      | Reached skill level 5 in Axes
   835 | D:1      | Reached ** piety under Trog
   897 | D:1      | You fall into a shaft and drop 1 floor!
   999 | D:2      | Reached XP level 4. HP: 38/40 MP: 4/4
  1558 | D:2      | Found a shimmering blue altar of Sif Muna.
  1610 | D:3      | Noticed Robin
  1677 | D:2      | Killed Robin
  2205 | D:2      | You fall into a shaft and drop 2 floors!
  2517 | D:3      | Found a sacrificial altar of Ru.
  2571 | D:3      | Reached XP level 5. HP: 45/46 MP: 5/5
  2663 | D:3      | Found a glowing golden altar of the Shining One.
  2699 | D:3      | Found a radiant altar of Vehumet.
  2706 | D:3      | Reached *** piety under Trog
  2768 | D:3      | Found a glowing silver altar of Zin.
  2914 | D:5      | Entered Level 5 of the Dungeon
  2994 | D:4      | Got a transparent plate armour
  3005 | D:4      | Identified the +6 plate armour of Tartarus {Regen+ Slay+3}
                  | (You found it on level 4 of the Dungeon)
  3073 | D:4      | Noticed Ijyb
  3107 | D:4      | Killed Ijyb
  3208 | D:4      | Noticed Natasha
  3213 | D:4      | Killed Natasha
  3344 | D:4      | Noticed Natasha
  3357 | D:4      | Killed Natasha
  3358 | D:4      | Reached XP level 6. HP: 43/52 MP: 6/6
  3409 | D:4      | Noticed Natasha
  3423 | D:4      | Killed Natasha
  3621 | D:5      | Found an ancient bone altar of Kikubaaqudgha.
  3696 | D:5      | Found a sparkling altar of Nemelex Xobeh.
  3736 | D:5      | Reached XP level 7. HP: 60/60 MP: 7/7
  4269 | D:5      | Noticed a moth of wrath
  4272 | D:5      | Found a bloodstained altar of Trog.
  4298 | D:5      | Reached skill level 1 in Evocations
  4493 | D:6      | Reached **** piety under Trog
  4503 | D:6      | Reached skill level 5 in Fighting
  4503 | D:6      | Reached skill level 10 in Axes
  4503 | D:6      | Reached XP level 8. HP: 64/68 MP: 8/8
  4518 | D:6      | Noticed Eustachio
  4560 | D:5      | Killed Eustachio
  4830 | D:6      | Found a stormy altar of Qazlal.
  4830 | D:6      | Found a blossoming altar of Fedhas.
  5009 | D:6      | Noticed Pikel
  5016 | D:6      | Killed Pikel
  5017 | D:6      | Reached skill level 1 in Throwing
  5017 | D:6      | Reached XP level 9. HP: 69/75 MP: 9/9
  5622 | D:7      | Found a staircase to the Ecumenical Temple.
  5990 | D:8      | Noticed an ice statue
  6000 | D:8      | Reached skill level 5 in Armour
  6016 | D:8      | Reached ***** piety under Trog
  6105 | D:8      | Found a staircase to the Lair.
  6122 | D:8      | Reached XP level 10. HP: 71/84 MP: 10/10
  6148 | D:8      | Noticed Gastronok
  6167 | D:8      | Killed Gastronok
  6183 | D:8      | Found a glowing golden altar of the Shining One.
  6240 | D:9      | Noticed a two-headed ogre
  6246 | D:9      | Killed a two-headed ogre
  6281 | D:8      | Noticed Joseph
  6303 | D:8      | Killed Joseph
  6325 | D:8      | Found Fikhliz's Antique Armour Boutique.
  6342 | D:8      | Bought an embroidered scarf for 168 gold pieces
  6342 | D:8      | Bought a glowing helmet for 157 gold pieces
  6408 | D:8      | Noticed a kobold demonologist
  6408 | D:8      | Noticed a kobold demonologist
  6414 | D:8      | Killed a kobold demonologist
  6415 | D:8      | Killed a kobold demonologist
  6416 | D:8      | Reached XP level 11. HP: 94/94 MP: 11/11
  6875 | D:8      | Noticed an orange crystal statue
  7170 | D:8      | Found an ornate altar of the Wu Jian Council.
  7456 | D:8      | Killed an orange crystal statue
  7537 | D:9      | Found Joes's Antique Armour Emporium.
  7592 | D:10     | Entered Level 10 of the Dungeon
  7630 | D:10     | Noticed a sphinx
  7645 | D:10     | Killed a sphinx
  7715 | D:9      | Found an ancient bone altar of Kikubaaqudgha.
  7761 | D:9      | Found a runed translucent gate.
  7761 | D:9      | Found a runed translucent gate.
  7761 | D:9      | Found a runed translucent gate.
  7911 | D:9      | Noticed Maggie
  7918 | D:9      | Killed Maggie
  8060 | D:9      | Found a sparkling altar of Nemelex Xobeh.
  8116 | D:9      | Noticed Tagedieb's ghost (novice OpEn)
  8247 | D:9      | Received a gift from Trog
  8248 | D:9      | Killed Tagedieb's ghost
  8364 | D:10     | Found a staircase to the Orcish Mines.
  8386 | D:10     | Reached XP level 12. HP: 81/103 MP: 12/12
  9168 | D:11     | Found a white marble altar of Elyvilon.
  9328 | D:11     | Received a gift from Trog
  9748 | D:11     | Reached skill level 10 in Fighting
  9997 | D:12     | Got a flickering steel ring
  9998 | D:12     | Identified the ring "Galun" {rC+ Will++ Int-4 SInv} (You
                  | found it on level 12 of the Dungeon)
 10120 | D:12     | Noticed Maurice
 10147 | D:12     | Killed Maurice
 10348 | D:12     | Found a runed translucent door.
 10348 | D:12     | Found a shimmering altar of Xom.
 10348 | D:12     | Noticed Uwkeq's ghost (journeyman MiFi)
 10349 | D:12     | Noticed a +4 rapier of chaos
 10426 | D:13     | Noticed a centaur warrior
 10427 | D:13     | Noticed a centaur warrior
 10800 | D:13     | Noticed a centaur warrior
 10808 | D:13     | Killed a centaur warrior
 10813 | D:13     | Reached XP level 13. HP: 113/114 MP: 13/13
 11055 | D:13     | Reached ****** piety under Trog
 11120 | D:13     | Received a gift from Trog
 11142 | D:13     | Got a dazzling battleaxe {god gift}
 11143 | D:13     | Identified the +9 battleaxe of Trog's Favour {flame, rPois
                  | rC- rN+++ Dex-5} (Trog gifted it to you on level 13 of the
                  | Dungeon)
 11159 | D:13     | You fall into a shaft and drop 2 floors!
 11159 | D:15     | Entered Level 15 of the Dungeon
 11438 | D:15     | Reached skill level 5 in Evocations
 11589 | D:14     | Noticed Snorg
 11599 | D:14     | Killed Snorg
 11613 | D:14     | Noticed a vault guard
 11613 | D:14     | Noticed a vault guard
 11615 | D:14     | Noticed a vault guard
 11629 | D:14     | Killed a vault guard
 11637 | D:14     | Noticed a vault guard
 11718 | D:14     | Reached XP level 14. HP: 68/126 MP: 14/14
 11851 | D:14     | Identified a scroll of acquirement
 11995 | D:13     | Received a gift from Trog
 12182 | D:14     | Found a shimmering altar of Xom.
 12184 | D:14     | Found a shimmering altar of Xom.
 12444 | D:15     | Found a shadowy altar of Dithmenos.
 12649 | D:14     | You fall into a shaft and drop 1 floor!
 12947 | D:14     | Found a gate to the Vaults.
 13270 | D:15     | Found a staircase to the Depths.
 13793 | Lair:1   | Entered Level 1 of the Lair of Beasts
 13808 | Lair:1   | You fall into a shaft and drop 1 floor!
 13911 | Lair:2   | Found a frozen archway.
 14124 | Lair:1   | Got a glimmering longbow
 14133 | Lair:1   | Identified the +6 longbow of Jownis {venom, *Corrode rElec
                  | rN+ Dex+2} (You found it on level 1 of the Lair of Beasts)
 14262 | Lair:1   | Received a gift from Trog
 15083 | Lair:2   | Found a staircase to the Swamp.
 15126 | Lair:2   | Reached skill level 10 in Armour
 15442 | Lair:3   | Reached XP level 15. HP: 135/136 MP: 15/15
 15586 | Lair:3   | Got a pair of scorched gloves
 15597 | Lair:3   | Identified the cursed -2 pair of gloves of Sloth {*Corrode
                  | Will+ Str+8} (You found it on level 3 of the Lair of
                  | Beasts)
 15853 | Lair:3   | Noticed Prince Ribbit
 15873 | Lair:3   | Killed Prince Ribbit
 16157 | Lair:3   | Got a transparent broad axe
 16158 | Lair:3   | Identified the cursed +0 broad axe of Egokhlym {vorpal,
                  | rC++ Dex+3} (You found it on level 3 of the Lair of Beasts)
 16493 | Lair:5   | Noticed Nessos
 16562 | Lair:4   | Noticed Rupert
 16579 | Lair:4   | Killed Rupert
 16724 | Lair:4   | Found a runed translucent door.
 16724 | Lair:4   | Found a shimmering altar of Xom.
 16724 | Lair:4   | Noticed martbhell's ghost (adept MiBe)
 16730 | Lair:4   | Found a staircase to the Snake Pit.
 16785 | Lair:4   | Received a gift from Trog
 16902 | Lair:4   | Noticed Urug
 16913 | Lair:4   | Killed Urug
 17570 | Lair:6   | Entered Level 6 of the Lair of Beasts
 17570 | Lair:6   | Found a viscous altar of Jiyva.
 17570 | Lair:6   | Found a staircase to the Slime Pits.
 17633 | Lair:5   | Killed Nessos
 17924 | Lair:5   | Got a warped crystal amulet
 17927 | Lair:5   | Got a masterwork crystal plate armour
 17938 | Lair:5   | Identified the +5 crystal plate armour "Coowup" {rPois
                  | Regen+ Int+3} (You found it on level 5 of the Lair of
                  | Beasts)
 17949 | Lair:5   | Identified the amulet of Amil {Acrobat Fragile Str+5} (You
                  | found it on level 5 of the Lair of Beasts)
 19345 | Lair:6   | Reached XP level 16. HP: 144/147 MP: 16/16
 19758 | Lair:6   | Received a gift from Trog
 20212 | Orc:1    | Entered Level 1 of the Orcish Mines
 20220 | Orc:1    | Reached skill level 15 in Fighting
 20405 | Orc:2    | Entered Level 2 of the Orcish Mines
 20568 | Orc:2    | Noticed Sonja
 20573 | Orc:2    | Killed Sonja
 20629 | Orc:2    | Found a runed translucent gate.
 20629 | Orc:2    | Found a runed translucent gate.
 20629 | Orc:2    | Found a runed translucent gate.
 20630 | Orc:2    | Noticed Valentain's ghost (journeyman OpVM)
 20995 | Orc:2    | Found Bauhoj's General Store.
 20998 | Orc:2    | Received a gift from Trog
 21003 | Orc:2    | Found Nizostruo's General Store.
 21149 | Orc:2    | Bought 2 potions of heal wounds for 100 gold pieces
 21419 | Orc:2    | Reached skill level 5 in Throwing
 21687 | Orc:2    | Found Xiraop's Gadget Shoppe.
 21687 | Orc:2    | Found Rirajeho's Antique Armour Emporium.
 21687 | Orc:2    | Found a one-way gate leading to the halls of Pandemonium.
 21728 | Orc:2    | Found a staircase to the Elven Halls.
 22065 | Orc:2    | Killed Valentain's ghost
 22131 | Orc:1    | Received a gift from Trog
 22708 | Snake:1  | Entered Level 1 of the Snake Pit
 22738 | Lair:4   | Killed martbhell's ghost
 22955 | D:12     | Killed Uwkeq's ghost
 23145 | Swamp:1  | Entered Level 1 of the Swamp
 23378 | Swamp:2  | Noticed a fenstrider witch
 23387 | Swamp:2  | Killed a fenstrider witch
 23388 | Swamp:2  | Reached XP level 17. HP: 131/159 MP: 17/17
 23396 | Swamp:1  | Received a gift from Trog
 24419 | Swamp:2  | Noticed Roxanne
 24877 | Swamp:2  | Killed Roxanne
 24992 | Swamp:3  | Found a runed translucent gate.
 24992 | Swamp:3  | Found a runed translucent gate.
 24994 | Swamp:4  | Entered Level 4 of the Swamp
 24998 | Swamp:3  | Found a runed translucent gate.
 25004 | Swamp:3  | Noticed Buem's ghost (adept OgAM)
 25011 | Swamp:3  | Noticed Nikola
 25245 | Swamp:3  | Killed Nikola
 25595 | Swamp:3  | Noticed Donald
 25595 | Swamp:3  | Noticed Aizul
 25606 | Swamp:3  | Killed Aizul
 25608 | Swamp:3  | Received a gift from Trog
 25610 | Swamp:3  | Killed Donald
 25613 | Swamp:3  | Got a steaming hand axe {god gift}
 25614 | Swamp:3  | Identified the +1 hand axe of the Realm of Zot {vorpal, rN+
                  | Str-3 Int+4} (Trog gifted it to you on level 3 of the
                  | Swamp)
 25988 | Swamp:3  | Killed Buem's ghost
 26379 | Swamp:4  | Got a dazzling buckler
 26386 | Swamp:4  | Identified the +3 buckler "Qifeu" {Rampage rN+ Str+7} (You
                  | found it on level 4 of the Swamp)
 26488 | Swamp:4  | Reached XP level 18. HP: 170/170 MP: 18/18
 26573 | Swamp:4  | Upgraded the game from 0.26.0-16-gc1dbca0489 to
                  | 0.26.0-18-gc5c842f807
 27311 | Swamp:4  | Got a decaying rune of Zot
 27670 | Depths:1 | Entered Level 1 of the Depths
 27682 | Depths:2 | Found a gateway to Hell.
 28061 | Depths:1 | Received a gift from Trog
 28438 | Depths:1 | Reached skill level 10 in Throwing
 28700 | Depths:1 | Received a gift from Trog
 28706 | Depths:1 | Got a brightly glowing battleaxe {god gift}
 28707 | Depths:1 | Identified the +12 battleaxe of Zeserphach {flame, rElec
                  | rN+ Str+4} (Trog gifted it to you on level 1 of the Depths)
 28766 | Depths:1 | Found a one-way gate to the infinite horrors of the Abyss.
 28830 | Depths:1 | Found Xaskerhoe's Blood Bar.
 28977 | Depths:1 | Reached XP level 19. HP: 179/180 MP: 19/19
 29062 | Depths:2 | Found a transporter.
 29322 | Depths:2 | Noticed a lich
 29324 | Depths:2 | Identified the ring "Laakeun" {Str+6 Stlth-}
 29330 | Depths:2 | Identified the ring "Tuitemp" {rElec rN+ Int+4 Stlth+}
 30062 | Depths:2 | Received a gift from Trog
 30080 | Depths:2 | Found Zingaps's Jewellery Shoppe.
 30089 | Depths:2 | Bought the ring "Ciuf Uzola" {+Fly rElec} for 598 gold
                  | pieces
 30296 | Depths:2 | Found the +10 Black Knight's barding {ponderous, rPois rN+}
 30308 | Depths:2 | Found a transporter.
 31009 | Depths:3 | Received a gift from Trog
 31018 | Depths:3 | Got a fine battleaxe {god gift}
 31019 | Depths:3 | Identified the +6 battleaxe "Kuasomp" {antimagic, rElec rN+
                  | Dex+4} (Trog gifted it to you on level 3 of the Depths)
 31177 | Depths:3 | Noticed a juggernaut
 31206 | Depths:3 | Killed a juggernaut
 31207 | Depths:3 | Reached skill level 15 in Armour
 31207 | Depths:3 | Reached XP level 20. HP: 136/193 MP: 20/20
 31355 | Depths:3 | Noticed a golden dragon
 31355 | Depths:3 | Identified the cursed +0 chain mail of Mubiprou {-Tele
                  | rElec Int-4 Dex+7}
 31363 | Depths:3 | Killed a golden dragon
 31559 | Depths:3 | Reached skill level 10 in Evocations
 32526 | Depths:3 | Found a runed translucent gate.
 32526 | Depths:3 | Found a runed translucent gate.
 32526 | Depths:3 | Found an ancient bone altar of Kikubaaqudgha.
 32526 | Depths:3 | Found a runed translucent gate.
 32526 | Depths:3 | Noticed WeeknightWizard's ghost (veteran DEFE)
 32526 | Depths:3 | Noticed Jannitor's ghost (legendary NaDe)
 32526 | Depths:3 | Noticed an ancient lich
 32526 | Depths:3 | Noticed an ancient lich
 33134 | Depths:3 | Reached skill level 27 in Axes
 33287 | Depths:3 | Reached XP level 21. HP: 192/205 MP: 21/21
 33321 | Depths:3 | Noticed a golden dragon
 33345 | Depths:3 | Killed a golden dragon
 33644 | Depths:3 | Killed an ancient lich
 33644 | Depths:3 | Received a gift from Trog
 33655 | Depths:3 | Killed an ancient lich
 33672 | Depths:3 | Killed WeeknightWizard's ghost
 33707 | Depths:3 | Killed Jannitor's ghost
 33716 | Depths:3 | Got a fine ruby amulet
 33720 | Depths:3 | Got a pair of fine boots
 33730 | Depths:3 | Got a crystal battleaxe
 33731 | Depths:3 | Identified the cursed +0 battleaxe of Iconoclasm {speed,
                  | rC+ Int+4} (You found it on level 3 of the Depths)
 33742 | Depths:3 | Identified the +0 pair of boots of a sewer {+Blink rCorr
                  | Str-2} (You found it on level 3 of the Depths)
 33742 | Depths:3 | Identified the amulet "Pouj Ese" {RegenMP rPois Will++
                  | Int-2 Slay+5} (You found it on level 3 of the Depths)
 34509 | Depths:4 | Found a gateway to a ziggurat.
 34515 | Depths:4 | Received a gift from Trog
 34912 | Depths:4 | Noticed a caustic shrike
 34917 | Depths:4 | Noticed a caustic shrike
 34922 | Depths:4 | Noticed a caustic shrike
 34926 | Depths:4 | Killed a caustic shrike
 34929 | Depths:4 | Noticed a caustic shrike
 34930 | Depths:4 | Killed a caustic shrike
 34931 | Depths:4 | Reached XP level 22. HP: 220/220 MP: 22/22
 34941 | Depths:4 | Killed a caustic shrike
 34944 | Depths:4 | HP: 6/216 [spriggan air mage/the air (15)]
 34957 | Depths:4 | Killed a caustic shrike
 35425 | Depths:4 | Received a gift from Trog
 35452 | Depths:4 | Noticed a caustic shrike
 35500 | Depths:4 | Killed a caustic shrike
 35523 | Depths:5 | Entered Level 5 of the Depths
 36415 | Depths:5 | Identified the +8 demon blade of Summer {vamp, Int+4}
 36424 | Depths:5 | Received a gift from Trog
 37384 | Depths:5 | Found a gate to the Realm of Zot.
 37387 | Depths:5 | Noticed a golden dragon
 37402 | Depths:5 | Killed a golden dragon
 37448 | Depths:5 | Received a gift from Trog
 37662 | Depths:5 | Reached XP level 23. HP: 167/232 MP: 23/23
 38344 | Depths:2 | Got a crude battleaxe {god gift}
 38345 | Depths:2 | Identified the +2 battleaxe of Laceration {flame, rPois rF+
                  | rN++} (Trog gifted it to you on level 2 of the Depths)
 38758 | Elf:1    | Entered Level 1 of the Elven Halls
 38787 | Elf:1    | Found a large runed translucent door.
 38787 | Elf:1    | Found a large runed translucent door.
 38791 | Elf:1    | Noticed mitiashka's ghost (adept MiFi)
 38817 | Elf:1    | Killed mitiashka's ghost
 39359 | Elf:1    | Received a gift from Trog
 39554 | Elf:1    | Found Buriar's Jewellery Boutique.
 39555 | Elf:1    | Found Miygon's Gadget Emporium.
 39557 | Elf:1    | Found Mulinet's Jewellery Boutique.
 39567 | Elf:1    | Bought the ring of Pogeimn {rF+ rN+ rCorr Int+4} for 605
                  | gold pieces
 39845 | Elf:1    | Received a gift from Trog
 39871 | Elf:1    | Got a bloodstained battleaxe {god gift}
 39879 | Elf:1    | Identified the +8 battleaxe "Xuxtyinu" {vorpal, rElec rF++
                  | Str+2 Dex-4} (Trog gifted it to you on level 1 of the Elven
                  | Halls)
 39996 | Elf:2    | Found a flickering gateway to a bazaar.
 40006 | Bazaar   | Entered a bazaar
 40029 | Bazaar   | Found Kyforeaf's Book Shop.
 40029 | Bazaar   | Found Tubugg's Jewellery Boutique.
 40092 | Elf:3    | Entered Level 3 of the Elven Halls
 40188 | Elf:1    | Found Gezxiug's Gadget Emporium.
 40273 | Elf:1    | Identified the Disquisition on Battle Magic
 40569 | Elf:2    | Found a runed translucent door.
 40586 | Elf:2    | Received a gift from Trog
 40595 | Elf:2    | Found a runed translucent door.
 41268 | Elf:3    | Received a gift from Trog
 41271 | Elf:3    | Got a brightly glowing battleaxe {god gift}
 41272 | Elf:3    | Identified the +2 battleaxe of Mandamus {vorpal, +Rage rC-
                  | Will+++ Int-3} (Trog gifted it to you on level 3 of the
                  | Elven Halls)
 42301 | Elf:3    | Received a gift from Trog
 42302 | Elf:3    | Reached XP level 24. HP: 211/247 MP: 23/23
 42386 | Elf:3    | Identified the +1 long sword "Xorrib" {vorpal, Int+4
                  | Stlth+}
 42493 | Elf:3    | Got a pair of dazzling gloves
 42534 | Elf:3    | Identified the +2 great mace "Igor" {vorpal, rElec rPois
                  | rC+ rN+}
 42571 | Elf:3    | Identified the Catalogue of Sinister Magic and Orientation
 42610 | Elf:3    | Identified the +0 pair of gloves of Sonid {rC+} (You found
                  | it on level 3 of the Elven Halls)
 42622 | Elf:3    | Got a pair of distressingly furry gloves
 42638 | Elf:3    | Identified the +0 pair of gloves "Beriluyd" {rN+} (You
                  | found it on level 3 of the Elven Halls)
 42885 | Elf:3    | Reached skill level 27 in Fighting
 43274 | Elf:3    | Found Ypafad's Distillery.
 43282 | Elf:3    | Bought a potion of resistance for 120 gold pieces
 43282 | Elf:3    | Bought a potion of might for 48 gold pieces
 43282 | Elf:3    | Bought a potion of haste for 120 gold pieces
 43282 | Elf:3    | Bought a potion of haste for 120 gold pieces
 43282 | Elf:3    | Bought a potion of heal wounds for 60 gold pieces
 43282 | Elf:3    | Bought a potion of haste for 120 gold pieces
 43282 | Elf:3    | Bought a potion of heal wounds for 60 gold pieces
 43282 | Elf:3    | Bought a potion of cancellation for 96 gold pieces
 43570 | Snake:1  | Received a gift from Trog
 44257 | Snake:2  | Received a gift from Trog
 44322 | Snake:2  | Found Rimmoqosh's Magic Scroll Shoppe.
 44326 | Snake:2  | Found Porugaem's Antique Weapon Emporium.
 44327 | Snake:2  | Found Onouho's Magic Scroll Shoppe.
 44330 | Snake:2  | Bought a scroll of fog for 28 gold pieces
 44330 | Snake:2  | Bought a scroll of fog for 28 gold pieces
 44337 | Snake:2  | Bought a scroll of blinking for 120 gold pieces
 44337 | Snake:2  | Bought a scroll of blinking for 120 gold pieces
 44337 | Snake:2  | Bought a scroll of blinking for 120 gold pieces
 44940 | Snake:3  | Noticed Vashnia
 45180 | Snake:3  | Killed Vashnia
 45283 | Snake:3  | Noticed Jorgrun
 45293 | Snake:3  | Killed Jorgrun
 45382 | Snake:4  | Entered Level 4 of the Snake Pit
 45417 | Snake:4  | Found a frozen archway.
 45427 | IceCv    | Entered an ice cave
 45962 | Snake:4  | Received a gift from Trog
 46917 | Snake:4  | Received a gift from Trog
 46925 | Snake:4  | Got a glimmering battleaxe {god gift}
 46935 | Snake:4  | Identified the +1 battleaxe "Bihaap" {vorpal, rN+} (Trog
                  | gifted it to you on level 4 of the Snake Pit)
 46975 | Snake:4  | Got a serpentine rune of Zot
 47100 | Snake:4  | Reached XP level 25. HP: 257/257 MP: 23/23
 47440 | Vaults:1 | Entered Level 1 of the Vaults
 47600 | Vaults:2 | Found Itecaud's Jewellery Boutique.
 47811 | Vaults:2 | Found a ruined gateway.
 47821 | Desolati | Entered the Desolation of Salt
 47942 | Desolati | Received a gift from Trog
 48007 | Desolati | Got a smoking war axe
 48023 | Desolati | Identified the +8 war axe "Honoevem" {speed, +Blink rN+}
                  | (You found it in the Desolation of Salt)
 48048 | Desolati | Got a bound copper ring
 48156 | Desolati | Identified the +5 broad axe of Uqecvaca {freeze, rC+ rN+++
                  | Will+ Dex-5}
 48156 | Desolati | Identified the ring "Emif" {rPois rF++ Str+7 Stlth-}
 48177 | Desolati | Identified the ring "Roiss" {rF+ rN+} (You found it in the
                  | Desolation of Salt)
 48226 | Desolati | Identified the Papyrus of Creative Evil Secrets
 48239 | Desolati | Got a shimmering silver amulet
 48241 | Desolati | Identified the amulet "Qadgh" {Inacc rF+} (You found it in
                  | the Desolation of Salt)
 48269 | Desolati | Reached skill level 5 in Dodging
 48452 | Desolati | Received a gift from Trog
 48684 | Desolati | Got a clouded marble ring
 48816 | Vaults:1 | Identified the ring of Peace {*Contam rF+ rN++ Str+4} (You
                  | found it in the Desolation of Salt)
 48948 | Vaults:1 | Received a gift from Trog
 49410 | Vaults:1 | You fall into a shaft and drop 1 floor!
 49748 | Vaults:1 | Found the +6 Majin-Bo {vamp, MP+6 Int+6}
 50116 | Vaults:2 | Received a gift from Trog
 50742 | Vaults:2 | Reached XP level 26. HP: 266/266 MP: 23/23
 51442 | Vaults:2 | Upgraded the game from 0.26.0-18-gc5c842f807 to
                  | 0.26.0-20-g3ca415f5b8
 51695 | Vaults:3 | Received a gift from Trog
 52085 | Vaults:3 | Noticed Sojobo
 52091 | Vaults:3 | Killed Sojobo
 52092 | Vaults:3 | Received a gift from Trog
 52105 | Vaults:3 | Got a bloodstained war axe {god gift}
 52106 | Vaults:3 | Identified the +3 war axe "Ubru" {vorpal, *Slow rF+++ Str+5
                  | Stlth+} (Trog gifted it to you on level 3 of the Vaults)
 52771 | Depths:2 | Bought the amulet "Doum" {Reflect SH+5 Stlth+} for 756 gold
                  | pieces
 53029 | Vaults:3 | Reached skill level 1 in Shields
 53305 | Vaults:3 | Found a staircase to the Crypt.
 53516 | Vaults:3 | Found a portal to a secret trove of treasure.
 53524 | Vaults:3 | You paid a toll of 6 scrolls of fog to enter a treasure
                  | trove
 53525 | Trove    | Entered a treasure trove
 53535 | Trove    | Found the +8 frozen axe "Frostbite" {freezing cloud, *Noise
                  | +Fly rC+}
 53753 | Vaults:5 | Entered Level 5 of the Vaults
 53805 | Vaults:4 | Found a runed translucent door.
 53805 | Vaults:4 | Noticed dolemite99's ghost (veteran DrFE)
 54302 | Vaults:4 | Received a gift from Trog
 54322 | Vaults:4 | Reached skill level 5 in Shields
 54376 | Vaults:4 | Noticed an ancient lich
 54393 | Vaults:4 | Killed an ancient lich
 54415 | Vaults:4 | Reached XP level 27. HP: 273/273 MP: 23/23
 55502 | Vaults:4 | Found Livumih's Antique Armour Shop.
 55786 | Vaults:4 | Received a gift from Trog
 56101 | Vaults:4 | Killed dolemite99's ghost
 56102 | Vaults:4 | Reached skill level 10 in Shields
 56433 | Vaults:5 | Noticed an ancient lich
 56462 | Vaults:4 | Killed an ancient lich
 56570 | Vaults:5 | Identified the cursed +1 war axe of Doom {flame, *Slow
                  | rPois Int+4}
 57268 | Vaults:5 | Reached skill level 10 in Dodging
 57510 | Vaults:5 | Got a scorched amber ring
 57513 | Vaults:5 | Identified the ring "Reaghem" {+Inv +Fly rC+ Dex-5} (You
                  | found it on level 5 of the Vaults)
 57565 | Vaults:5 | Identified the ring of Poet {*Corrode +Fly rF- Str+9
                  | Slay+2}
 58216 | Vaults:5 | Got a silver rune of Zot
 58253 | Vaults:5 | Identified Sif Muna's Volume of Lethal Weightlessness
 58760 | Slime:1  | Entered Level 1 of the Pits of Slime
 58864 | Slime:2  | Gained mutation: Armour fits poorly on your strangely
                  | shaped body. [a shining eye]
 58869 | Slime:2  | Reached skill level 15 in Shields
 58884 | Slime:2  | Gained mutation: You do not regenerate when monsters are
                  | visible. [a shining eye]
 59152 | Slime:2  | Gained mutation: Your magical capacity is low. (-10% MP) [a
                  | shining eye]
 59160 | Slime:2  | Gained mutation: You are clumsy. (Dex -2) [a shining eye]
 59161 | Slime:2  | Gained mutation: Scrolls take you a little longer to read.
                  | [a shining eye]
 59429 | Slime:1  | Gained mutation: Your magical capacity is very low. (-20%
                  | MP) [a shining eye]
 59483 | Slime:4  | Noticed Dissolution
 59491 | Slime:4  | Killed Dissolution
 59665 | Slime:5  | Entered Level 5 of the Pits of Slime
 59673 | Slime:5  | Received a gift from Trog
 59909 | Slime:5  | Noticed the Royal Jelly
 59967 | Slime:5  | Killed the Royal Jelly
 60234 | Slime:5  | Found the +3 warlock's mirror {reflect}
 60267 | Slime:5  | Found the +6 arbalest "Damnation" {damnation}
 60286 | Slime:5  | Got a slimy rune of Zot
 60298 | Slime:5  | Got a slimy platinum ring
 60300 | Slime:5  | Identified the ring "Docahino" {Wiz rC+++ Int+4 Stlth-}
                  | (You found it on level 5 of the Pits of Slime)
 60412 | Slime:5  | Reached skill level 15 in Throwing
 60939 | Zot:1    | Entered Level 1 of the Realm of Zot
 61078 | Zot:1    | Received a gift from Trog
 61430 | Zot:1    | You fall into a shaft and drop 1 floor!
 62317 | Zot:2    | Received a gift from Trog
 64895 | Zot:4    | Received a gift from Trog
 65100 | Zot:4    | Killed from afar by a black draconian monk

Illustrated notes

Levels and vault maps discovered:
D:1:      evilmike_arrival_crescent, layout_basic, minmay_crystal_room
D:2:      layout_basic, eat_drink_and_be_merry_uskayaw, general_overflow_altar,
          st_stairs_12
D:3:      layout_rooms, overflow_temple_1_default, overflow_temple_1_default,
          overflow_temple_1_default, nicolae_tso_swordbearing_angel, uniq_robin
D:4:      layout_loops_ring, chequers_mini_garden,
          chequers_serial_rivers_micro_d, uniq_ijyb, uniq_natasha
D:5:      layout_gridville, tgw_trog, nemelex_xobeh_ov_fountains_minmay,
          lemuel_doored_altar, minmay_manual_mail
D:6:      layout_gridville, grunt_temple_overflow_forces_of_nature,
          minmay_diced_spiral, uniq_eustachio, uniq_pikel
D:7:      layout_rooms, minmay_temple_entry_slanted
D:8:      minmay_separated_statues, layout_layer_cave,
          overflow_temple_1_default, pdpol_wu_jian_five_deadly_venoms,
          lair_entry_dummy, serial_shops, nicolae_shop_stone,
          minmay_misc_feat_square, uniq_joseph, uniq_gastronok
D:9:      layout_long_grid, serial_shops, shop, basic_altar,
          gammafunk_ghost_necromancy, nemelex_diamond_rough_becter, uniq_maggie
D:10:     cheibrodos_statue_roulette, layout_loops_ring, david_orc_3,
          kennysheep_island_fort
D:11:     layout_roguey, elyvilon_altar_5
D:12:     layout_cave_pools, ebering_ghost_xom, minmay_misc_feat_roman,
          uniq_maurice
D:13:     layout_long_grid, hex_large
D:14:     layout_basic, grunt_vaults_entry_fortified, xom_redecorated,
          uniq_snorg
D:15:     grunt_enter_depths_snipers, layout_rooms, grunt_dithmenos_smoke
Lair:1:   layout_regular_city
Lair:2:   layout_roguey, swamp_mist, portal_ice_cave_demonic_guard,
          serial_bayou_pond_d, nicolae_quartered_pool_medium
Lair:3:   layout_hall_layers, uniq_prince_ribbit2
Lair:4:   layout_loops_ring, minmay_snake_entry_spellcaster, serial_forest,
          infiniplex_forest_split, infiniplex_forest_end_3,
          infiniplex_forest_corner_1, infiniplex_forest_straight_5,
          infiniplex_forest_lined_corner, infiniplex_forest_lined_2,
          infiniplex_forest_end_2, ebering_ghost_xom,
          grunt_forest_small_clearing_treed, infiniplex_staircase_pool_2,
          serial_bayou_shore_b, uniq_rupert, uniq_urug
Lair:5:   layout_misc_corridors, grunt_megastairs_2, minmay_lair_oklob_chamber,
          uniq_nessos
Lair:6:   hangedman_lair_caniforms_friends, layout_long_grid,
          guppyfry_lair_end_dragon, slime_altar_1
Swamp:1:  layout_basic_swamp, hangedman_swamp_ruin_wall, swamp_pool5,
          hangedman_swamp_grove, infiniplex_staircase_pool
Swamp:2:  layout_basic_swamp, evilmike_swamp_ruin_rubble_1, swamp_pool4,
          uniq_roxanne
Swamp:3:  layout_basic_swamp, gammafunk_ghost_necromancy,
          evilmike_swamp_ruin_house_1, uniq_donald, uniq_aizul, uniq_nikola
Swamp:4:  swamp_icy, layout_basic_swamp
Snake:1:  layout_onion_interference, serial_bayou_pond_d, drop_trap,
          serial_bayou_shore_b
Snake:2:  layout_misc_corridors, grunt_ministairs_8, minmay_shop_star
Snake:3:  layout_rooms, grunt_megastairs_4, uniq_jorgrun, uniq_vashnia
Snake:4:  minmay_snake_end_coiled, layout_basic, special_room,
          portal_ice_cave_entry_pillars_three
Slime:1:  layout_caves
Slime:2:  layout_caves, cheibrodos_slime_lost_civilization_5
Slime:3:  layout_caves
Slime:4:  layout_caves, dissolution_awaits
Slime:5
Orc:1:    layout_caves
Orc:2:    pf_orc_diabolical, layout_caves, ebering_ghost_rock_garden,
          nicolae_orc_lava_room, uniq_sonja
Elf:1:    eino_elf_arrival_the_gate, layout_onion_city, serial_shops, shop,
          ebering_ghost_disaster_area, minmay_elf_annihilation,
          minmay_shop_grove
Elf:2:    layout_gridlike, serial_shops, bzr_entry_customers
Elf:3:    minmay_elf_hall_x, layout_gridlike, serial_shops, shop,
          guppyfry_library_mini
Vaults:1: nicolae_vaults_quadrants, vaults_dpeg_cross, hangedman_vaults_stagger,
          vaults_room_hallway, v_pattern_1, ontoclasm_vaults_pinch,
          ontoclasm_vaults_gateway, vaults_mumra_hex, layout_vaults_omnicross
Vaults:2: nicolae_vaults_display_case, v_pattern_5,
          nicolae_vaults_ring_of_whatevers, nicolae_vaults_asterisk, v_misc_25,
          vaults_room_fours, ontoclasm_vaults_eye,
          nicolae_vaults_sealed_display, nicolae_vaults_asterisk,
          layout_vaults_omnigrid, portal_desolation_entry_garden, serial_shops,
          shop
Vaults:3: minmay_crypt_entry_simple_statues, nicolae_vaults_asterisk,
          nicolae_vaults_little_squares_4, nicolae_vaults_network_periphery,
          st_smaller_cells, v_rooms_4, vaults_dpeg_hooks,
          nicolae_vaults_inception_scallops, vaults_room_boxed,
          vaults_room_semicircle, ontoclasm_vaults_claustrophobia, v_misc_12,
          layout_vaults_maze, nicolae_trove_entry_diagonal, uniq_sojobo
Vaults:4: ebering_vaults_ghost_inner_flame, v_misc_4,
          dpeg_vaults_pockets_of_resistance, ontoclasm_vaults_fault,
          vaults_mumra_chevron_long, v_misc_1, grunt_vaults_funnel,
          nicolae_vaults_back_hallway, grunt_vaults_bifocal,
          nicolae_vaults_windows_and_doors_thing, vaults_mumra_hexcomb,
          vaults_dpeg_encased_lava, nicolae_vaults_rhombus_7,
          layout_vaults_ring, serial_shops, shop
Vaults:5
Depths:1: kennysheep_cluttered_fort, layout_cross, serial_bayou,
          serial_bayou_crossing, serial_bayou_shore_b, serial_bayou_lake_a,
          serial_bayou_pond_e, hangedman_coc_ice_floe, abyss_entry,
          chequers_serial_rivers_micro_d, minmay_strange_pillars,
          guppyfry_shop_blood
Depths:2: gammafunk_the_bubble [the_bubble_gammafunk_plus_minus],
          layout_gridville, grunt_pan_entry_sceptre, hell_entry, serial_shops,
          nicolae_shop_waterfront, small_statue_intersection,
          infiniplex_staircase_diamond, firewood_loft
Depths:3: minmay_octagon_city, layout_gridlike, pan_entry,
          gammafunk_ghost_crypt, abyss_entry, kennysheep_nub,
          pf_hell_entry_tar_spiral, hangedman_decor_lopped, hangedman_decor_push
Depths:4: grunt_deathspiral_large, layout_basic, enter_ziggurat_f,
          minmay_misc_feat_tiny, abyss_entry, hell_entry
Depths:5: grunt_zot_entry_funnels, layout_long_grid, abyss_entry, hellmouth_3,
          minmay_misc_feat_hallway, serial_bayou_shore_b
Zot:1:    layout_cellular_growth, hangedman_hellfire_club
Zot:2:    layout_gridlike
Zot:3:    layout_cathedral_of_symmetry
Zot:4:    layout_gridlike, ebering_ghost_gozag

Skill      XL: |  1  2  3  4  5  6  7  8  9 10 11 12 13 14 15 16 17 18 19 20 21 22 23 24 25 26 27 |
---------------+----------------------------------------------------------------------------------+-----
Fighting       | 4 5 6 8 9 10 12 13 14 16 17 18 19 21 23 24 26 27 | 27.0
Axes           | 5 6 7 8 10 13 14 17 19 20 22 23 24 25 26 27 | 27.0
Armour         | 3 4 5 6 7 9 10 11 12 13 14 15 16 17 18 20 23 24 26 | 26.3
Evocations     | 1 2 3 5 6 8 9 10 11 12 13 14 | 14.2
Throwing       | 1 2 4 5 7 10 11 12 13 16 | 16.4
Dodging        | 2 3 6 8 12 | 12.2
Shields        | 7 17 | 17.3

Action                   |  1- 3 |  4- 6 |  7- 9 | 10-12 | 13-15 | 16-18 | 19-21 | 22-24 | 25-27 || total
-------------------------+-------+-------+-------+-------+-------+-------+-------+-------+-------++-------
Melee: Hand axe          |    87 |   204 |    50 |       |       |       |       |       |       ||   341
       War axe           |       |       |    52 |       |       |       |       |       |  1348 ||  1400
       Battleaxe         |       |       |   133 |   437 |   661 |   929 |   676 |  1196 |   560 ||  4592
       Executioner's axe |       |       |       |       |    71 |     2 |       |       |       ||    73
Throw: Stone             |     4 |     4 |       |       |       |       |       |       |       ||     8
       Boomerang         |       |       |    14 |     6 |    10 |   308 |   185 |    91 |   226 ||   840
       Dart              |       |       |       |     1 |    51 |    12 |     6 |     2 |       ||    72
       Throwing net      |       |       |       |       |       |       |       |     2 |       ||     2
Invok: Berserk           |     1 |       |     2 |     4 |     1 |     5 |     7 |     5 |     6 ||    31
       Trog's Hand       |       |       |       |     6 |     9 |    21 |    15 |    13 |    23 ||    87
       Brothers in Arms  |       |       |       |       |     4 |     3 |       |     2 |     1 ||    10
 Abil: Evoke Invisibilit |       |       |       |     2 |     2 |     7 |     3 |     3 |     1 ||    18
       Evoke Blink       |       |       |       |       |       |       |       |     2 |       ||     2
Evoke: Wand              |       |     9 |    16 |    29 |   184 |    56 |    19 |    65 |    76 ||   454
       Lightning rod     |       |       |       |       |     3 |       |       |       |       ||     3
       Condenser vane    |       |       |       |       |       |       |       |     1 |       ||     1
  Use: Potion            |     1 |       |       |     1 |     4 |     1 |     7 |     3 |     6 ||    23
       Scroll            |       |       |       |    15 |    15 |    13 |     6 |     8 |    13 ||    70
 Stab: Invisible         |       |       |       |     3 |       |     9 |     7 |     4 |     1 ||    24
       Paralysed         |       |       |       |     2 |     4 |     1 |       |       |     3 ||    10
       Confused          |       |       |       |     1 |       |     2 |       |       |       ||     3
       Distracted        |       |       |       |       |     1 |       |     1 |     1 |     1 ||     4
Armor: Animal skin       |     2 |       |       |       |       |       |       |       |       ||     2
       Plate armour      |    71 |   170 |   193 |   244 |   341 |       |       |       |       ||  1019
       Skin              |       |       |       |    12 |       |       |       |       |       ||    12
       Crystal plate arm |       |       |       |       |   128 |   679 |   470 |   925 |   891 ||  3093
Dodge: Dodged            |    50 |    52 |    92 |   104 |   209 |   212 |   180 |   434 |   552 ||  1885
Block: Buckler           |       |       |       |       |       |       |       |       |   566 ||   566
       Reflection        |       |       |       |       |       |       |       |       |    46 ||    46
